 Dungeon Crawl Stone Soup version 0.16-a0-3532-g139d762 (webtiles) character file.

427 Stone the Skirmisher (level 6, 0/46 HPs)
             Began as an Octopode Fighter on Jan 8, 2015.
             Killed from afar by an orc wizard (4 damage)
             ... with a magic dart
             ... on level 3 of the Dungeon.
             The game lasted 00:10:24 (2842 turns).

Stone the Skirmisher (Octopode Fighter)             Turns: 2842, Time: 00:10:26

Health: 0/46       AC:  6    Str: 15    XL:     6   Next: 97%
Magic:  6/6        EV:  9    Int: 10    God:
Gold:   175        SH:  9    Dex: 14    Spells: 0 memorised, 5 levels left

rFire  . . .     SeeInvis +     x - +0 falchion (protect)
rCold  . . .     Clarity  .     c - +1 shield
rNeg   . . .     SustAb   .     (helmet restricted)
rPois  .         Gourm    .     (no amulet)
rElec  .         Spirit   .     o - ring of see invisible
rCorr  .         Warding  .     (no ring)
rMut   .         Stasis   .     (no ring)
MR     .....                    (no ring)
Stlth  ++........               (no ring)
                                (no ring)
                                (no ring)
                                (no ring)

@: heavily drained, not resistant to hostile enchantments, unstealthy
A: almost no armour, amphibious, 8 rings, constrict 8, camouflage 1, gelatinous
body 1
a: no special abilities


You were on level 3 of the Dungeon.
You were not hungry.

You visited 1 branch of the dungeon, and saw 4 of its levels.

You collected 175 gold pieces.

Inventory:

Hand weapons
 a - a +0 long sword
 v - a +0 blowgun
 x - a +0 falchion of protection (weapon)
Missiles
 w - 15 poisoned needles
Armour
 c - a +1 shield (worn)
Jewellery
 o - a ring of see invisible (left tentacle)
Magical devices
 b - a wand of magic darts (20)
 s - a wand of flame (25)
Scrolls
 m - 4 scrolls of remove curse
 q - 2 scrolls of recharging
 r - 2 scrolls of teleportation
Potions
 e - 2 potions of might
 f - a potion of ambrosia
 g - a potion of curing
 h - a potion of degeneration {unknown}
 i - 2 potions of haste
 l - a potion of cure mutation {unknown}
 n - 2 potions of mutation
 p - a potion of poison {unknown}
 z - a potion of brilliance {unknown}
Comestibles
 d - 4 bread rations
 k - a meat ration


   Skills:
 + Level 5.6(4.0) Fighting
 + Level 5.3(3.7) Long Blades
 - Level 3.0(1.4) Dodging
 - Level 3.0(1.4) Shields


You had 5 spell levels left.
You didn't know any spells.

Dungeon Overview and Level Annotations

Branches:
Dungeon (4/15)
 Temple: D:4-7

Altars:
Sif Muna


Innate Abilities, Weirdness & Mutations

You cannot wear most types of armour.
You are amphibious.
You can wear up to eight rings at the same time.
You can use your tentacles to constrict many enemies at once.
Your skin changes colour to match your surroundings (Stealth).
Your rubbery body absorbs attacks (AC +1).


Message History

You grab the orc priest.
The orc priest is severely wounded.
You constrict the orc priest. The orc wizard closely misses you.
The orc priest hits you with a short sword.
* * * LOW HITPOINT WARNING * * *
You hit the orc priest.
You kill the orc priest!
The orc wizard hits you but does no damage.
You feel drained.
The orc wizard hits you with a dagger of draining.
* * * LOW HITPOINT WARNING * * *
You feel drained.
* * * LOW HITPOINT WARNING * * *
You barely miss the orc wizard. Your grab misses the orc wizard.
The orc wizard hits you with a dagger of draining.
* * * LOW HITPOINT WARNING * * *
You feel drained.
The orc wizard gestures at you while chanting.
The magic dart hits you!
You die...

#.......####...# ##.
#...#.#........# ##
#..##.#####....# #######
#.###..........# #...... #.#
##..####...# #......
####.####.(## #...# #......
##........)..####.####.†....
######......<([.o(.#.............
...##......)...)@....##..........
##...........)..........###......
#####....(..........##### #######
...............(....# ##...
#####...............# #..##
..............(.....# ##.##
######..............# ##..# #
##.....#.....#.### ##..## # #
#..##########...## #..## #


You could see an orc wizard.

Vanquished Creatures
  The ghost of Stone the Skirmisher, an average OpFi (D:3)
  2 orc priests (D:3)
  4 orc wizards (D:3)
  Jessica (D:2)
  Terence (D:2)
  Robin (D:3)
  3 adders
  A worm (D:3)
  A giant gecko (D:3)
  17 orcs
  2 ball pythons (D:1)
  3 bats
  16 goblins
  10 hobgoblins
  8 kobolds
  7 giant cockroaches
  5 giant newts
  3 jackals (D:3)
  2 quokkas
  2 rats
90 creatures vanquished.

Notes
Turn   | Place    | Note
--------------------------------------------------------------
     0 | D:1      | Stone, the Octopode Fighter, began the quest for the Orb.
     0 | D:1      | Reached XP level 1. HP: 16/16 MP: 1/1
   143 | D:1      | Reached XP level 2. HP: 15/21 MP: 2/2
   546 | D:2      | Reached XP level 3. HP: 22/26 MP: 3/3
   719 | D:2      | Found a deep blue altar of Sif Muna.
   791 | D:2      | Noticed Terence
   798 | D:2      | Killed Terence
  1373 | D:3      | Noticed Jessica
  1384 | D:2      | Killed Jessica
  1384 | D:2      | Reached skill level 4 in Fighting
  1384 | D:2      | Reached XP level 4. HP: 8/33 MP: 4/4
  1712 | D:3      | Noticed Robin
  1727 | D:3      | Killed Robin
  2025 | D:3      | Noticed Stone's ghost (average OpFi)
  2037 | D:3      | Killed Stone's ghost
  2037 | D:3      | Reached XP level 5. HP: 34/38 MP: 5/5
  2131 | D:3      | Reached XP level 6. HP: 21/45 MP: 6/6
  2136 | D:3      | Reached skill level 5 in Fighting
  2469 | D:3      | Reached skill level 5 in Long Blades
  2842 | D:3      | Killed from afar by an orc wizard

Action                   |  1- 3 |  4- 6 || total
-------------------------+-------+-------++-------
Melee: Long sword        |    63 |   101 ||   164
       Falchion          |       |    22 ||    22
Evoke: Wand              |       |     1 ||     1
  Use: Scroll            |     9 |     3 ||    12
       Potion            |     1 |     2 ||     3
 Stab: Sleeping          |     2 |     1 ||     3
       Distracted        |       |     1 ||     1
  Eat: Beef jerky        |     1 |       ||     1
       Pizza             |       |     1 ||     1
       Chunk             |       |     1 ||     1
       Meat ration       |       |     1 ||     1
